 Dungeon Crawl Stone Soup version 0.32-a0-40-g2adb59ae06 (webtiles) character file.

Game seed: 18299471956528466371

14196 Newt the Martial Artist (level 12, -14/81 HPs)
             Began as an Octopode Shapeshifter on Jan 24, 2024.
             Was an Elder of Wu Jian.
             Demolished by a komodo dragon (28 damage)
             ... on level 10 of the Dungeon.
             The game lasted 00:19:53 (16897 turns).

Newt the Martial Artist (Octopode Shapeshifter)    Turns: 16897, Time: 00:19:54

Health: -14/81     AC:  5    Str: 14    XL:     12   Next: 14%
Magic:  12/12      EV: 17    Int: 12    God:    Wu Jian [****..]
Gold:   1000       SH:  0    Dex: 16    Spells: 11/11 levels left

rFire   + .          .
                       - Unarmed
rCold   . . .        (no shield)
rNeg    . . .        (helmet currently unavailable)
rPois   .            (no amulet)
rElec   .            f - ring of protection from fire
rCorr   +            l - +4 ring of protection
SInv    .            E - ring of resist corrosion
Will    .....        (no ring)
Stlth   +++++        (no ring)
HPRegen 0.33/turn    (no ring)
MPRegen 0.13/turn    (no ring)
                     (no ring)

%: no passive effects
@: beast-form
A: beast (slay +4), almost no armour, amphibious, 8 rings, camouflage 1,
gelatinous body 1, (nimble swimmer 1), tentacles
a: Begin Untransformation, Renounce Religion, Wall Jump, Serpent's Lash


You were on level 10 of the Dungeon.
You worshipped Wu Jian.
Wu Jian was greatly pleased with you.
You were a hulking beast.
You visited 2 branches of the dungeon, and saw 14 of its levels.
You also visited: Sewer.

You collected 1841 gold pieces.
You spent 841 gold pieces at shops.

Inventory:

Missiles
 z - 7 throwing nets
Armour
 I - an orb of light
Jewellery
 f - a ring of protection from fire (left tentacle)
 l - a +4 ring of protection (right tentacle)
 D - a ring of ice
 E - a ring of resist corrosion (on tentacle)
 J - a ring of ice
Talismans
 b - a beast talisman
 c - a flux talisman
Wands
 m - a wand of flame (23)
 v - a wand of quicksilver (5)
 G - a wand of iceblast (2)
Scrolls
 e - 5 scrolls of teleportation
 j - a scroll of enchant weapon
 k - 2 scrolls of revelation
 n - 2 scrolls of vulnerability
 q - 2 scrolls of fog
 r - 4 scrolls of blinking
 t - a scroll of amnesia
 u - 2 scrolls of enchant armour
 y - a scroll of noise
 F - a scroll of butterflies
 H - 2 scrolls of silence
 K - a scroll of torment
 L - a scroll of identify
Potions
 a - 2 potions of lignification
 d - a potion of heal wounds
 g - 3 potions of attraction
 h - 3 potions of haste
 i - a potion of invisibility
 o - a potion of curing
 p - a potion of resistance
 s - 3 potions of degeneration
 w - 2 potions of might
 x - 2 potions of mutation
 A - a potion of enlightenment
 B - 5 potions of magic
 C - 3 potions of brilliance


   Skills:
 - Level 7.0 Fighting
 - Level 8.0 Dodging
 - Level 9.0 Stealth
 + Level 11.8 Unarmed Combat
 - Level 8.0 Evocations
 - Level 7.0 Shapeshifting


You had 11 spell levels left.
You didn't know any spells.
Your spell library contained the following spells:

 Spells                   Type           Power      Damage    Failure   Level
 Magic Dart               Conj           0%         1d3       32%         1
 Cigotuvi's Dreadful Rot  Necr/Alch/Air  0%         N/A       45%         2
 Searing Ray              Conj           0%         2d4       45%         2
 Tukima's Dance           Hex            0%         N/A       69%         3
 Dimensional Bullseye     Hex/Tloc       0%         N/A       97%         4
 Fulminant Prism          Conj/Alch      0%         3d5       97%         4
 Ignite Poison            Fire/Alch      0%         N/A       97%         4
 Iskenderun's Mystic Bla  Conj/Tloc      0%         2d3       97%         4
 Manifold Assault         Tloc           0%         N/A       97%         4
 Borgnjor's Vile Clutch   Necr/Erth      0%         N/A       100%        5
 Freezing Cloud           Conj/Ice/Air   0%         6-21      100%        5
 Summon Forest            Summ/Tloc      0%         N/A       100%        5
 Dispersal                Tloc           0%         N/A       100%        6
 Eringya's Noxious Bog    Alch           0%         4d6       100%        6
 Summon Hydra             Summ           0%         N/A       100%        7
 Disjunction              Tloc           0%         N/A       100%        8
 Animate Armour           Summ/Erth      Unusable   N/A       N/A         4

Dungeon Overview and Level Annotations

Branches:
Dungeon (13/15)            Temple (0/1) D:6            Lair (1/5) D:10
    Orc (0/2) D:12          Sewer (visited)
 Vaults: D:13-14

Altars:
Cheibriados
Nemelex Xobeh
Vehumet
Wu Jian
Yredelemnul

Shops:
D:1 !   D:4 !   D:5 **   D:6 *   D:8 (   D:11 ?

Annotations:
D:7 1 runed translucent door, Crazy Yiuf


Innate Abilities, Weirdness & Mutations

You are a hulking beast.
Your limbs bulge with bestial killing power. (Slay +4)
You cannot wear most types of armour.
You are amphibious.
You can wear up to eight rings at the same time.
Your skin changes colour to match your surroundings (Stealth+).
Your rubbery body absorbs attacks. (AC +1, EV +1)
((You are camouflaged when in or above water. (Stealth+)))
You have tentacles for arms and can constrict up to eight enemies at once.


Message History

There is an open door here.
There is an open door here.
There is a stone staircase leading up here.
You climb upwards.
There is a stone staircase leading down here.
There is an open door here.
There is a stone staircase leading up here.
You climb upwards.
There is a stone staircase leading down here.
There is an open gate here.
There is an open door here.
There is a staircase to the Lair here.
You climb downwards.
Welcome to the Lair of Beasts!
Found 11 gold pieces and a sling.
Found a stone staircase leading down.
There is a staircase back to the Dungeon here.
There are monsters nearby!
The yak bellows! x2
Unknown command.
The yak bellows!
The komodo dragon bites you!! The yak gores you!
You climb upwards.
Welcome back to the Dungeon!
There is a staircase to the Lair here.
Unknown command.
You spin and attack the komodo dragon repeatedly.
You bludgeon the komodo dragon!
The komodo dragon is moderately wounded.
You closely miss the komodo dragon.
You squeeze the komodo dragon, but do no damage.
The komodo dragon is moderately wounded.
You spin and attack the yak.
You tentacle-slap the yak.
The yak is lightly wounded.
The komodo dragon bites you!!
* * * LOW HITPOINT WARNING * * *
The yak completely misses you.
You spin and attack the komodo dragon.
You tentacle-slap the komodo dragon.
Your tentacle-slap misses the komodo dragon.
Your squeeze misses the komodo dragon.
The komodo dragon is heavily wounded.
The komodo dragon bites you!!
You die...

..................####..........#
..................###...#......##
....................)...##.....##
.....................^..#.......#
................P.....P.#..#.....
............P....P.......####...#
..............P...PP..P.P.# #...#
.............P..####.P....# ##.##
............P...h.Y#..P...# #.#
##...........P..#l>#...P.## ###
.#..........P.PP####...P.#
##.............PPP.PPP.P.#
≈≈............P.P.......##
##...............P....P.#
.#..#.#.....#.P.P.P....##
##.######.......P....### ....#
#..>...#.....###


You could see a komodo dragon and a yak.

Vanquished Creatures
  Harold (D:10)
  A two-headed ogre (D:10)
  Sonja (D:12)
  Amaemon (D:8)
  A cyclops (D:11)
  An ugly thing (D:12)
  A manticore (D:12)
  An elephant (D:10)
  A gargoyle (D:12)
  An orange demon (D:8)
  2 komodo dragons
  3 trolls
  5 slime creatures (D:12)
  5 shadows
  A yak (shapeshifter) (D:9)
  A wraith (D:10)
  3 yaks (D:9)
  2 steam dragons
  7 vampire mosquitoes
  Edmund (D:4)
  2 acid dragons
  5 water moccasins
  Pargi (Sewer)
  6 orc warriors
  A black bear (D:6)
  4 ogres
  2 centaurs
  4 kobold brigands
  2 bullfrogs
  A brain worm (Sewer)
  A gnoll sergeant (D:12)
  5 scorpions
  19 wights
  6 killer bees (D:7)
  3 howler monkeys (D:9)
  A bombardier beetle (D:6)
  2 hounds
  3 jellies
  6 orc priests
  3 iguanas
  Ijyb (D:3)
  Jessica (D:2)
  2 sleepcaps
  9 orc wizards
  Terence (D:2)
  4 gnolls (D:12)
  6 adders
  2 shadow imps
  2 dart slugs
  2 ribbon worms
  35 orcs
  14 ball pythons
  3 endoplasms
  8 giant cockroaches
  8 goblins
  7 hobgoblins
  23 kobolds
  7 quokkas
  5 bats
  3 frilled lizards
  7 rats
267 creatures vanquished.

Notes
Turn   | Place    | Note
-------+----------+-------------------------------------------
     0 | D:1      | Newt the Octopode Shapeshifter began the quest for the Orb.
     0 | D:1      | Reached XP level 1. HP: 13/13 MP: 1/1
    25 | D:1      | Reached skill level 1 in Stealth
    99 | D:1      | Reached XP level 2. HP: 18/18 MP: 2/2
   218 | D:1      | Found Xiefixzef's Distillery.
   332 | D:1      | Found a faded altar of an unknown god.
   788 | D:2      | Noticed Jessica
   794 | D:2      | Killed Jessica
   795 | D:2      | Reached XP level 3. HP: 10/23 MP: 3/3
   957 | D:2      | Reached skill level 5 in Stealth
   991 | D:2      | Reached XP level 4. HP: 20/28 MP: 4/4
  1142 | D:2      | Noticed Terence
  1153 | D:2      | Killed Terence
  1743 | D:3      | Found an ornate altar of the Wu Jian Council.
  1751 | D:3      | Became a worshipper of the Wu Jian Council
  1941 | D:3      | Noticed Ijyb
  1952 | D:3      | Killed Ijyb
  1953 | D:3      | Reached XP level 5. HP: 22/33 MP: 5/5
  2589 | D:4      | Found Ropn's Distillery.
  2619 | D:4      | Found a glowing drain.
  2623 | Sewer    | Entered a sewer
  2638 | Sewer    | Reached skill level 5 in Dodging
  2638 | Sewer    | Reached XP level 6. HP: 32/38 MP: 4/6
  2662 | Sewer    | Reached * piety under Wu Jian
  2689 | Sewer    | Noticed Pargi
  2850 | Sewer    | Killed Pargi
  3174 | D:4      | Bought a potion of degeneration for 10 gold pieces
  3239 | D:1      | Bought a potion of curing for 36 gold pieces
  3239 | D:1      | Bought a potion of heal wounds for 60 gold pieces
  3395 | D:4      | Noticed Edmund
  3405 | D:4      | Killed Edmund
  3406 | D:4      | Reached skill level 5 in Shapeshifting
  3406 | D:4      | Reached XP level 7. HP: 43/43 MP: 7/7
  4093 | D:5      | Entered Level 5 of the Dungeon
  4093 | D:5      | Found Vadune Fetiu's Lightly-Used Armoury.
  4133 | D:5      | Reached XP level 8. HP: 54/54 MP: 8/8
  4186 | D:5      | Reached ** piety under Wu Jian
  4187 | D:5      | Reached skill level 4 in Unarmed Combat
  4727 | D:5      | Reached skill level 5 in Unarmed Combat
  4936 | D:5      | Found Bixuemp's Overcharged Wands.
  5693 | D:6      | Reached skill level 6 in Unarmed Combat
  5706 | D:6      | Reached skill level 7 in Unarmed Combat
  5831 | D:6      | Reached skill level 1 in Evocations
  5909 | D:6      | Reached XP level 9. HP: 58/58 MP: 9/9
  5935 | D:6      | Found Jemipurch's General Store.
  5943 | D:6      | Bought a scroll of fog for 44 gold pieces
  5970 | D:6      | Found a staircase to the Ecumenical Temple.
  6260 | D:7      | Identified a scroll of acquirement
  6261 | D:7      | Acquired 1085 gold pieces
  6569 | D:4      | Bought 2 potions of heal wounds for 100 gold pieces
  6569 | D:4      | Bought a potion of enlightenment for 50 gold pieces
  6569 | D:4      | Bought a potion of magic for 80 gold pieces
  6569 | D:4      | Bought 2 potions of brilliance for 80 gold pieces
  6634 | D:1      | Bought a potion of mutation for 96 gold pieces
  6813 | D:7      | Found a runed translucent door.
  6814 | D:7      | Noticed Crazy Yiuf
  7561 | D:8      | Found a radiant altar of Vehumet.
  7916 | D:8      | Found Tor Ihik's Antique Weapon Boutique.
  7947 | D:8      | Reached XP level 10. HP: 56/63 MP: 10/10
  7993 | D:8      | Noticed Amaemon
  7994 | D:8      | Noticed an orange demon
  8005 | D:8      | Killed Amaemon
  8005 | D:8      | Killed an orange demon
  8393 | D:8      | Reached *** piety under Wu Jian
  8704 | D:8      | Found a sparkling altar of Nemelex Xobeh.
  9087 | D:9      | a steam dragon changed into a fire crab
  9087 | D:9      | Noticed a fire crab (shapeshifter)
  9532 | D:9      | Noticed a salamander
  9633 | D:9      | Noticed a death drake
  9749 | D:10     | Entered Level 10 of the Dungeon
  9766 | D:10     | Reached skill level 8 in Unarmed Combat
  9779 | D:10     | Noticed a two-headed ogre
  9790 | D:10     | Killed a two-headed ogre
  9929 | D:10     | Reached skill level 9 in Unarmed Combat
 10254 | D:10     | Reached XP level 11. HP: 55/69 MP: 11/11
 10259 | D:9      | Reached **** piety under Wu Jian
 11032 | D:9      | Reached skill level 10 in Unarmed Combat
 11056 | D:10     | HP: 3/70 [elephant (17)]
 11350 | D:10     | Reached skill level 5 in Fighting
 11546 | D:10     | Noticed Harold
 11567 | D:10     | Killed Harold
 11711 | D:10     | Found a snail-covered altar of Cheibriados.
 11942 | D:10     | Found a staircase to the Lair.
 12046 | D:10     | Found a basalt altar of Yredelemnul.
 12812 | D:11     | Found Oguxok's Magic Scroll Shoppe.
 13027 | D:11     | Bought a scroll of identify for 26 gold pieces
 13027 | D:11     | Bought a scroll of identify for 26 gold pieces
 13027 | D:11     | Bought a scroll of teleportation for 39 gold pieces
 13027 | D:11     | Bought a scroll of revelation for 97 gold pieces
 13027 | D:11     | Bought a scroll of blinking for 97 gold pieces
 13316 | D:11     | Noticed a cyclops
 13340 | D:11     | Killed a cyclops
 13753 | D:11     | Got Alaosai's Cyclopedia of the Ground
 14277 | D:12     | Noticed a manticore
 14291 | D:12     | Killed a manticore
 14986 | D:12     | HP: 2/75 [slime creature (17)]
 15378 | D:12     | Noticed Sonja
 15381 | D:12     | Killed Sonja
 15382 | D:12     | Reached skill level 11 in Unarmed Combat
 15550 | D:12     | Reached XP level 12. HP: 81/81 MP: 12/12
 15850 | D:12     | Found a staircase to the Orcish Mines.
 15948 | D:12     | Reached ***** piety under Wu Jian
 16888 | Lair:1   | Entered Level 1 of the Lair of Beasts
 16897 | D:10     | Demolished by a komodo dragon

Illustrated notes

Levels and vault maps discovered:
D:1:      mrwooster_arrival_statue_3, layout_rooms, serial_shops,
          nicolae_shop_trees, basic_ecumenical_altar, chequers_avenue
D:2:      layout_basic, minmay_misc_feat_rows, minmay_misc_feat_room,
          uniq_terence, uniq_jessica
D:3:      layout_loops_ring, nzn_wu_jian_contemplation, uniq_ijyb
D:4:      layout_loops_ring, serial_shops, shop,
          mainiacjoe_sewer_entry_somewhere_in_here_2, uniq_edmund
D:5:      layout_basic, minmay_shop_damaged, nicolae_shop_overcharged_wands
D:6:      layout_basic, temple_statues, serial_shops, shop
D:7:      layout_basic, uniq_crazy_yiuf_cottage
D:8:      layout_loops_ring, mainiacjoe_overflow_big_doors, serial_shops, shop,
          grunt_decor_resistance, uniq_amaemon
D:9:      layout_rooms
D:10:     layout_cave_pools, yredelemnul_altar_generic, cheibriados_altar_1,
          grunt_lair_entry_orc_guard_hut, grunt_decor_cap,
          kennysheep_windowed_goal, uniq_harold
D:11:     layout_loops_corners, serial_shops, nicolae_shop_window_shopping,
          bh_walls_and_bars
D:12:     layout_basic, david_orc_4, nicolae_hexahallways, serial_bayou_pond_e,
          uniq_sonja
D:13:     layout_long_grid, david_vaults_1, tso_altar
Lair:1:   layout_chaotic_city, lemuel_old_faithful, serial_bayou_shore_b

Skill      XL: |  1  2  3  4  5  6  7  8  9 10 11 |
---------------+----------------------------------+-----
Stealth        | 2 4 5 9 |  9.0
Dodging        | 3 5 8 |  8.0
Shapeshifting  | 5 6 7 |  7.0
Fighting       | 3 4 7 |  7.0
Unarmed Combat | 7 9 11 | 11.8
Evocations     | 3 4 8 |  8.0

Action                     |  1- 3 |  4- 6 |  7- 9 | 10-12 || total
---------------------------+-------+-------+-------+-------++-------
  Melee: Unarmed           |    47 |   164 |   199 |   347 ||   757
         Constrict         |    13 |    29 |    52 |    56 ||   150
         Tentacles         |     8 |    34 |    54 |   103 ||   199
         Punch             |       |     3 |    11 |    20 ||    34
 Invoke: Serpent's Lash    |       |       |       |     1 ||     1
Ability: Lunge             |       |    19 |    19 |    30 ||    68
         Whirlwind         |       |       |    14 |    44 ||    58
         Wall Jump         |       |       |     1 |       ||     1
  Evoke: Wand              |       |     1 |       |    10 ||    11
    Use: Scroll            |     1 |       |     9 |     8 ||    18
         Potion            |       |       |     5 |    11 ||    16
   Stab: Sleeping          |     6 |    23 |    21 |    13 ||    63
         Distracted        |       |       |     1 |       ||     1
         Invisible         |       |       |       |     6 ||     6
 Armour: Skin              |    19 |    92 |    81 |   181 ||   373
  Dodge: Dodged            |    29 |   126 |   123 |   233 ||   511

Table legend: (Time is in decaauts)
 A = Elapsed time spent in this place.
 B = Non-inter-level travel time spent in this place.
 C = Inter-level travel time spent in this place.
 D = Time resting spent in this place.
 E = Time spent auto-exploring this place.
 F = Levels seen in this place.
 G = Mean time per level.
                   A        B        C        D        E       F      G
               +--------+--------+--------+--------+--------+-----+--------+
         Total |  16799 |  15808 |    991 |   6190 |   7680 |  15 | 1119.9 |
       Dungeon |  16267 |  15276 |    991 |   5893 |   7608 |  13 | 1251.3 |
          Lair |      6 |      6 |      0 |      0 |      0 |   1 |    6.0 |
         Sewer |    525 |    525 |      0 |    297 |     72 |   1 |  525.0 |
               +--------+--------+--------+--------+--------+-----+--------+

Top non-repeatable levels by time:
    D:12: 2998 daAuts
     D:8: 2555 daAuts
    D:11: 1673 daAuts
     D:6: 1216 daAuts
     D:9: 1209 daAuts
     D:2: 1123 daAuts
    D:10: 1050 daAuts
     D:5: 1042 daAuts
     D:3: 1001 daAuts
     D:4: 887 daAuts
     D:7: 796 daAuts
     D:1: 697 daAuts
   Sewer: 525 daAuts
    D:13: 13 daAuts
  Lair:1: 6 daAuts
